BSA
ST. LOUIS BROWNS @ GREENVILLE 84S
04/05/2029
 
TOP OF THE 1ST
St. Louis Browns batting - Pitching for Greenville 84s : LHP Hong-ryul Yun
Pitching: LHP Hong-ryul Yun
Batting: RHB José Flores 0-0: Called Strike
0-1: Swinging Strike
0-2: Strikes out swinging
Batting: RHB Anthony Rucker 0-0: Ball
1-0: Ball
2-0: Called Strike
2-1: Ground out 6-3 (Groundball, 6)
Batting: RHB Jeff Jones 0-0: Swinging Strike
0-1: Swinging Strike
0-2: Strikes out swinging
Top of the 1st over - 0 runs, 0 hits, 0 errors, 0 left on base; St. Louis 0 - Greenville 0
BOTTOM OF THE 1ST
Greenville 84s batting - Pitching for St. Louis Browns : LHP Luis Noriega
Pitching: LHP Luis Noriega
Batting: RHB Carlos Torres 0-0: Ball
1-0: Ball
2-0: Swinging Strike
2-1: Ball
3-1: Foul Ball, location: 2F
3-2: SINGLE (Line Drive, 4MD)
Batting: LHB Paco Rosas 0-0: Ball
1-0: Ball
2-0: Foul Ball, location: 2F
2-1: Swinging Strike
2-2: Ball
3-2: Grounds into double play, 5-4-3 (Groundball, 56)
Batting: RHB Enzo Díaz 0-0: SINGLE (Flyball, 34D)
Batting: LHB Juan Cortés 0-0: Called Strike
0-1: Called Strike
0-2: Ball
1-2: Fly out, F5 (Popup, 56S)
Bottom of the 1st over - 0 runs, 2 hits, 0 errors, 1 left on base; St. Louis 0 - Greenville 0
TOP OF THE 2ND
St. Louis Browns batting - Pitching for Greenville 84s : LHP Hong-ryul Yun
Batting: RHB Domingo Romero 0-0: Called Strike
0-1: Fly out, F8 (Flyball, 8LD)
Batting: LHB Mike Hill 0-0: Fly out, F7 (Flyball, 7D)
Batting: RHB Adrian Prouse 0-0: Ball
1-0: Ball
2-0: Ball
3-0: Base on Balls
Batting: RHB António Venecia 0-0: SINGLE (Popup, 4MD)
Adrian Prouse to second
Runner from 2nd tries for 3rd, SAFE, throw made to third
Batting: LHB Junior Coates 0-0: Swinging Strike
0-1: Called Strike
0-2: Strikes out swinging
Top of the 2nd over - 0 runs, 1 hit, 0 errors, 2 left on base; St. Louis 0 - Greenville 0
BOTTOM OF THE 2ND
Greenville 84s batting - Pitching for St. Louis Browns : LHP Luis Noriega
Batting: LHB Brock Larsen 0-0: Called Strike
0-1: Swinging Strike
0-2: Foul Ball, location: 2F
0-2: Strikes out swinging
Batting: LHB Jimmy Vickers 0-0: Ball
1-0: Swinging Strike
1-1: Foul Ball, location: 2F
1-2: Ball
2-2: Foul Ball, location: 2F
2-2: Foul Ball, location: 2F
2-2: Ball
3-2: Foul Ball, location: 2F
3-2: Base on Balls
Batting: LHB Chris Moore 0-0: Ball
1-0: Foul Ball, location: 2F
1-1: Called Strike
1-2: Strikes out swinging
Batting: RHB Casey Fox 0-0: Ball
1-0: Fly out, F8 (Flyball, 89D)
Bottom of the 2nd over - 0 runs, 0 hits, 0 errors, 1 left on base; St. Louis 0 - Greenville 0
TOP OF THE 3RD
St. Louis Browns batting - Pitching for Greenville 84s : LHP Hong-ryul Yun
Batting: RHB Manuel Alonso 0-0: Ball
1-0: Swinging Strike
1-1: Ball
2-1: Foul Ball, location: 2F
2-2: Strikes out swinging
Batting: RHB José Flores 0-0: Swinging Strike
0-1: Ball
1-1: Called Strike
1-2: Ball
2-2: Ground out 6-3 (Groundball, 6)
Batting: RHB Anthony Rucker 0-0: Called Strike
0-1: Foul Ball, location: 2F
0-2: Foul Ball, location: 2F
0-2: Strikes out swinging
Top of the 3rd over - 0 runs, 0 hits, 0 errors, 0 left on base; St. Louis 0 - Greenville 0
BOTTOM OF THE 3RD
Greenville 84s batting - Pitching for St. Louis Browns : LHP Luis Noriega
Batting: RHB Cristo García 0-0: Ball
1-0: Fly out, F9 (Flyball, 9)
Batting: RHB Carlos Torres 0-0: Called Strike
0-1: Ball
1-1: Ball
2-1: Foul Ball, location: 2F
2-2: Foul Ball, location: 2F
2-2: Strikes out swinging
Batting: LHB Paco Rosas 0-0: Ball
1-0: Ball
2-0: Foul Ball, location: 2F
2-1: Called Strike
2-2: Foul Ball, location: 2F
2-2: Ball
3-2: Ground out 4-3 (Groundball, 34)
Bottom of the 3rd over - 0 runs, 0 hits, 0 errors, 0 left on base; St. Louis 0 - Greenville 0
TOP OF THE 4TH
St. Louis Browns batting - Pitching for Greenville 84s : LHP Hong-ryul Yun
Batting: RHB Jeff Jones 0-0: Ball
1-0: Called Strike
1-1: Hit by Pitch
Batting: RHB Domingo Romero 0-0: Ball
1-0: Called Strike
1-1: Called Strike
1-2: Strikes out swinging
Batting: LHB Mike Hill 0-0: Ball
1-0: Called Strike
1-1: Ball
2-1: Swinging Strike
2-2: Ball
3-2: 2-RUN HOME RUN (Flyball, 7D), Distance : 356 ft
Batting: RHB Adrian Prouse 0-0: Foul Ball, location: 2F
0-1: Ball
1-1: Ball
2-1: Ball
3-1: Hit by Pitch
Batting: RHB António Venecia 0-0: Ball
1-0: Called Strike
1-1: Ball
2-1: Ball
3-1: Foul Ball, location: 2F
3-2: Strikes out swinging
Adrian Prouse steals 2nd base
Batter strikes out.
Batting: LHB Junior Coates 0-0: Ball
1-0: Called Strike
1-1: Swinging Strike
1-2: Foul Ball, location: 2F
1-2: Ground out 6-3 (Groundball, 6)
Top of the 4th over - 2 runs, 1 hit, 0 errors, 1 left on base; St. Louis 2 - Greenville 0
BOTTOM OF THE 4TH
Greenville 84s batting - Pitching for St. Louis Browns : LHP Luis Noriega
Batting: RHB Enzo Díaz 0-0: Called Strike
0-1: Ball
1-1: Ball
2-1: Foul Ball, location: 2F
2-2: Foul Ball, location: 2F
2-2: Ball
3-2: Base on Balls
Batting: LHB Juan Cortés 0-0: Ball
1-0: Ball
2-0: Called Strike
2-1: Ball
3-1: Called Strike
3-2: Fly out, F6 (Popup, 6MD)
Batting: LHB Brock Larsen 0-0: Ball
1-0: Ball
2-0: Foul Ball, location: 2F
2-1: Foul Ball, location: 2F
2-2: Fly out, F6 (Popup, 6)
Batting: LHB Jimmy Vickers 0-0: Foul Ball, location: 2F
0-1: Swinging Strike
0-2: Foul Ball, location: 2F
0-2: Strikes out swinging
Bottom of the 4th over - 0 runs, 0 hits, 0 errors, 1 left on base; St. Louis 2 - Greenville 0
TOP OF THE 5TH
St. Louis Browns batting - Pitching for Greenville 84s : LHP Hong-ryul Yun
Batting: RHB Manuel Alonso 0-0: Ground out 6-3 (Groundball, 6)
Batting: RHB José Flores 0-0: SINGLE (Line Drive, 4D)
Batting: RHB Anthony Rucker 0-0: Ball
1-0: Ball
2-0: Grounds into double play, 6-4-3 (Groundball, 6)
Top of the 5th over - 0 runs, 1 hit, 0 errors, 0 left on base; St. Louis 2 - Greenville 0
BOTTOM OF THE 5TH
Greenville 84s batting - Pitching for St. Louis Browns : LHP Luis Noriega
Batting: LHB Chris Moore 0-0: Ball
1-0: Ball
2-0: Foul Ball, location: 2F
2-1: Ball
3-1: Base on Balls
Batting: RHB Casey Fox 0-0: Ball
1-0: Ball
2-0: Ball
3-0: Base on Balls
Chris Moore to second
Batting: RHB Cristo García 0-0: Called Strike
0-1: Grounds into double play, 1-6-3 (Groundball, 13S)
Chris Moore to third
Batting: RHB Carlos Torres 0-0: Ball
1-0: Ball
2-0: Ball
3-0: Base on Balls
Batting: LHB Paco Rosas 0-0: Ball
Carlos Torres steals 2nd base
1-0: Ball
Wild Pitch!
Chris Moore scores
Carlos Torres to third
2-0: Called Strike
2-1: Ball
3-1: SINGLE (Line Drive, 78S)
Carlos Torres scores
Batting: RHB Enzo Díaz 0-0: Called Strike
0-1: Ball
1-1: Ball
2-1: Swinging Strike
2-2: Strikes out swinging
Bottom of the 5th over - 2 runs, 1 hit, 0 errors, 1 left on base; St. Louis 2 - Greenville 2
TOP OF THE 6TH
St. Louis Browns batting - Pitching for Greenville 84s : LHP Hong-ryul Yun
Batting: RHB Jeff Jones 0-0: Ball
1-0: Ground out 6-3 (Groundball, 6)
Batting: RHB Domingo Romero 0-0: Called Strike
0-1: Foul Ball, location: 2F
0-2: Strikes out looking
Batting: LHB Mike Hill 0-0: Ball
1-0: Ball
2-0: Foul Ball, location: 2F
2-1: Swinging Strike
2-2: Strikes out swinging
Top of the 6th over - 0 runs, 0 hits, 0 errors, 0 left on base; St. Louis 2 - Greenville 2
BOTTOM OF THE 6TH
Greenville 84s batting - Pitching for St. Louis Browns : LHP Luis Noriega
Pitching: RHP Bob Cunningham
Batting: LHB Juan Cortés 0-0: Foul Ball, location: 2F
0-1: Foul Ball, location: 2F
0-2: Strikes out looking
Batting: LHB Brock Larsen 0-0: Called Strike
0-1: Foul Ball, location: 2F
0-2: Ball
1-2: Foul Ball, location: 2F
1-2: Fly out, F7 (Flyball, 7S)
Batting: LHB Jimmy Vickers 0-0: Swinging Strike
0-1: Called Strike
0-2: Ball
1-2: Ball
2-2: Fly out, F7 (Flyball, 7D)
Bottom of the 6th over - 0 runs, 0 hits, 0 errors, 0 left on base; St. Louis 2 - Greenville 2
TOP OF THE 7TH
St. Louis Browns batting - Pitching for Greenville 84s : LHP Hong-ryul Yun
Batting: RHB Adrian Prouse 0-0: Ball
1-0: Called Strike
1-1: Ball
2-1: Foul Ball, location: 2F
2-2: Ball
3-2: Strikes out swinging
Batting: RHB António Venecia 0-0: Fly out, F7 (Flyball, 78M)
Batting: LHB Junior Coates 0-0: Foul Ball, location: 2F
0-1: Ball
1-1: Called Strike
1-2: Ball
2-2: Strikes out swinging
Top of the 7th over - 0 runs, 0 hits, 0 errors, 0 left on base; St. Louis 2 - Greenville 2
BOTTOM OF THE 7TH
Greenville 84s batting - Pitching for St. Louis Browns : RHP Bob Cunningham
Batting: LHB Chris Moore 0-0: Foul Ball, location: 2F
0-1: Ball
1-1: Ball
2-1: SOLO HOME RUN (Flyball, 9LD), Distance : 343 ft
Batting: RHB Casey Fox 0-0: Called Strike
0-1: Ball
1-1: Ball
2-1: SINGLE (Groundball, 6MD)
Pinch Hitting: LHB Robert Moore 0-0: Swinging Strike
0-1: Ball
1-1: Foul Ball, location: 2F
1-2: Ball
2-2: Fly out, F8 (Flyball, 8RM)
Batting: RHB Carlos Torres 0-0: Ball
1-0: Ball
2-0: Called Strike
2-1: Ball
3-1: Base on Balls
Casey Fox to second
Batting: LHB Paco Rosas 0-0: Ground out 3-1 (Groundball, 34)
Casey Fox to third
Carlos Torres to second
Batting: RHB Enzo Díaz 0-0: Called Strike
0-1: Foul Ball, location: 2F
0-2: Ball
1-2: SINGLE (Groundball, 56D)
Casey Fox scores
Carlos Torres to third
Runner from 3rd tries for Home, SAFE, throw made home
Pitching: RHP Hayden Collins
Batting: LHB Juan Cortés 0-0: Ball
1-0: Called Strike
1-1: Ball
2-1: Fly out, F7 (Flyball, 78S)
Bottom of the 7th over - 3 runs, 3 hits, 0 errors, 1 left on base; St. Louis 2 - Greenville 5
TOP OF THE 8TH
St. Louis Browns batting - Pitching for Greenville 84s : LHP Hong-ryul Yun
Now at 3B: Ramiro Chávez
Batting: RHB Manuel Alonso 0-0: SINGLE (Line Drive, 8LS)
Batting: RHB José Flores 0-0: SINGLE (Groundball, 34D)
Manuel Alonso to second
Runner from 2nd tries for 3rd, SAFE, throw made to third
Batting: RHB Anthony Rucker 0-0: Ball
1-0: Ball
2-0: Ball
3-0: Called Strike
3-1: Called Strike
3-2: Fly out, F4 (Line Drive, 4M)
Batting: RHB Jeff Jones 0-0: Called Strike
0-1: Called Strike
0-2: Strikes out looking
Batting: RHB Domingo Romero 0-0: Ball
1-0: Ball
2-0: Ball
3-0: Base on Balls
José Flores to second
Batting: LHB Mike Hill 0-0: Ball
1-0: Ball
2-0: Foul Ball, location: 2F
2-1: Swinging Strike
2-2: Strikes out looking
Top of the 8th over - 0 runs, 2 hits, 0 errors, 3 left on base; St. Louis 2 - Greenville 5
BOTTOM OF THE 8TH
Greenville 84s batting - Pitching for St. Louis Browns : RHP Hayden Collins
Batting: LHB Brock Larsen 0-0: Ball
1-0: Ground out 1-3 (Groundball, 15S)
Batting: LHB Jimmy Vickers 0-0: SOLO HOME RUN (Flyball, 89XD), Distance : 381 ft
Batting: LHB Chris Moore 0-0: Called Strike
0-1: Ground out 5-3 (Groundball, 56)
Batting: RHB Casey Fox 0-0: Ball
1-0: Called Strike
1-1: SINGLE (Groundball, 4MD)
Batting: RHB Ramiro Chávez 0-0: Ball
1-0: Ball
2-0: SINGLE (Groundball, 6MD)
Casey Fox to second
Runner from 2nd tries for 3rd, SAFE, no throw
Batting: RHB Carlos Torres 0-0: Foul Ball, location: 2F
0-1: Ball
1-1: Ball
2-1: Ball
3-1: Called Strike
3-2: Base on Balls
Ramiro Chávez to second
Batting: LHB Paco Rosas 0-0: Ball
1-0: Ball
2-0: Ball
3-0: Base on Balls
Casey Fox scores
Ramiro Chávez to third
Carlos Torres to second
Batting: RHB Enzo Díaz 0-0: Ball
1-0: Fly out, F7 (Flyball, 7)
Bottom of the 8th over - 2 runs, 3 hits, 0 errors, 3 left on base; St. Louis 2 - Greenville 7
TOP OF THE 9TH
St. Louis Browns batting - Pitching for Greenville 84s : LHP Hong-ryul Yun
Batting: RHB Adrian Prouse 0-0: Foul Ball, location: 2F
0-1: Ball
1-1: Foul Ball, location: 2F
1-2: Strikes out looking
Batting: RHB António Venecia 0-0: Called Strike
0-1: Ball
1-1: Ball
2-1: Called Strike
2-2: Ball
3-2: Strikes out swinging
Batting: LHB Junior Coates 0-0: Swinging Strike
0-1: Foul Ball, location: 2F
0-2: Ball
1-2: Ball
2-2: Foul Ball, location: 2F
2-2: Ball
3-2: Fly out, F7 (Flyball, 7LS)
Top of the 9th over - 0 runs, 0 hits, 0 errors, 0 left on base; St. Louis 2 - Greenville 7
Saturday, December 16th, 2017 - OOTP Baseball 18.8 Build 76